 Dungeon Sprint DCSS version 0.19.5 (webtiles) character file.

5023 strmesko the Bludgeoner (level 10, -18/156 HPs)
             Began as a Troll Berserker on Mar 19, 2017.
             Was an Elder of Trog.
             Demolished by a dire elephant (24 damage)
             ... in the Dungeon (Sprint IX: "|||||||||||||||||||||||||||||").
             The game lasted 00:08:14 (745 turns).

strmesko the Bludgeoner (Troll Berserker)            Turns: 745, Time: 00:08:15

Health: -18/156    AC:  6    Str: 32    XL:     10   Next: 30%
Magic:  9/9        EV: 10    Int: 10    God:    Trog [****..]
Gold:   0          SH:  0    Dex: 12    Spells: 0 memorised, 9 levels left

rFire  . . .     SeeInvis .     s - +10 giant club of Brutal Revenge {elec, +Inv rPois Str-3 Int+4}
rCold  . . .     Gourm    +     b - +0 animal skin
rNeg   . . .     Faith    .     (shield currently unavailable)
rPois  +         Spirit   .     (helmet restricted)
rElec  .         Reflect  .     p - +0 cloak
rCorr  .         Harm     .     (gloves unavailable)
MR     .....     NoTele   +     (boots unavailable)
Stlth  ..........               (no amulet)
                                m - +3 ring of dexterity
                                n - +3 ring of intelligence

@: berserking, very quick
A: unfitting armour, claws 3, fast metabolism 3, gourmand, regeneration 1,
shaggy fur 1, tough skin 2
a: Berserk, Trog's Hand, Brothers in Arms, Burn Spellbooks, Renounce Religion,
Evoke Invisibility


You were in the Dungeon.
You worshipped Trog.
Trog was greatly pleased with you.
You were very full.

You visited 1 branch

Inventory:

Hand Weapons
 s - the +10 giant club of Brutal Revenge (weapon) {elec, +Inv rPois Str-3 Int+4}
   (Trog gifted it to you in the Dungeon)

   Occasionally, upon striking a foe, it will discharge some electrical energy
   and cause terrible harm.
   It affects your strength (-3).
   It affects your intelligence (+4).
   It protects you from poison.
   It lets you turn invisible.
Armour
 b - a +0 animal skin (worn)
 p - a +0 cloak (worn)
Jewellery
 m - a +3 ring of dexterity (right claw)
 n - a +3 ring of intelligence (left claw)
Wands
 l - a wand of iceblast (7/15)
Scrolls
 i - 3 scrolls of blinking
 k - 3 scrolls of remove curse
 o - 2 scrolls of identify
 t - 4 scrolls of enchant weapon
 u - a scroll of fog
Potions
 a - a potion of brilliance
 d - 6 potions of curing
 e - 4 potions of heal wounds
 f - 2 potions of haste
 g - 4 potions of magic
 h - 3 potions of berserk rage
 j - a potion of invisibility
Miscellaneous
 r - a crystal ball of energy
Comestibles
 c - 2 bread rations
 v - 10 chunks of flesh


   Skills:
 + Level 7.7 Fighting
 + Level 19.5 Maces & Flails
 - Level 2.4 Dodging


You had 9 spell levels left.
You didn't know any spells.

Dungeon Overview and Level Annotations

Branches:
Dungeon (1/1)

Altars:
Cheibriados
Dithmenos
Elyvilon
Fedhas
Gozag
Hepliaklqana
Kikubaaqudgha
Makhleb
Nemelex Xobeh
Okawaru
Qazlal
Ru
Sif Muna
Trog
Uskayaw
Vehumet
Xom
Yredelemnul
Zin
The Shining One
Beogh
Jiyva
Lugonu


Innate Abilities, Weirdness & Mutations

You are too large for most types of armour.
You have claws for hands.
Your metabolism is lightning-fast.
You like to eat raw meat.
Your natural rate of healing is unusually fast.
You are covered in fur. (AC +1)
You have very tough skin. (AC +2)


Message History

Trog accepts your kill.
Your ogre hits the dire elephant with a giant club.
The dire elephant tramples your ogre!!
Your ogre stumbles backwards!
Your ogre dies!
Your ogre's corpse disappears in a puff of smoke!
You fail to use your ability.
You fail to use your ability.
A red film seems to cover your vision as you go berserk!
You feel yourself moving faster!
You feel mighty!
You feel quite a bit less full. The dire elephant tramples you!!
* * * LOW HITPOINT WARNING * * *
You hold your ground!
The dire elephant trunk-slaps you!
* * * LOW HITPOINT WARNING * * *
You beat the dire elephant like a drum!!!
There is a sudden explosion of sparks!
The dire elephant is heavily wounded.
You sock the dire elephant!
There is a sudden explosion of sparks!
The dire elephant is severely wounded.
The dire elephant tramples you!!
You die...

▓▓▓▓▓▓▓▓▓▓▓▓▓▓▓▓▓▓▓▓▓▓▓▓▓▓▓▓▓▓▓▓▓
Y...'.).Y.†%†YYY@......)'=.......
▓▓▓▓▓▓▓▓▓▓▓▓▓▓▓▓▓▓▓▓▓▓▓▓▓▓▓▓▓▓▓▓▓
.................................
▓▓▓▓▓▓▓▓▓▓▓▓▓▓▓▓▓▓▓▓▓▓▓▓▓▓▓▓▓▓▓▓▓
[|?.'._______________________'...
▓▓▓▓▓▓▓▓▓▓▓▓▓▓▓▓▓▓▓▓▓▓▓▓▓▓▓▓▓▓▓▓▓


You could see a dire elephant and 2 elephants.

Vanquished Creatures
  A dire elephant (D)
  A deep elf mage (D)
  A spiny frog (D)
  2 komodo dragons (D)
  A rime drake (D)
  A polar bear (D)
  3 yaks (D)
  2 water moccasins (D)
  A porcupine (D)
  2 crocodiles (D)
  3 bullfrogs (D)
  A quasit (D)
  A jelly (D)
  A gnoll shaman (D)
  A worker ant (D)
  2 adder zombies (D)
  A bat (D)
  2 bat skeletons (D)
  A bat zombie (D)
  2 hobgoblins (D)
  A kobold (D)
  A rat (D)
32 creatures vanquished.

Vanquished Creatures (collateral kills)
  A dire elephant (D)
  2 elephants (D)
  2 yaks (D)
  2 water moccasins (D)
  A sky beast (D)
  2 crocodiles (D)
  A crimson imp (D)
  An orc wizard (D)
12 creatures vanquished.

Grand Total: 44 creatures vanquished

Notes
Turn   | Place    | Note
-------+----------+-------------------------------------------
     0 | D        | strmesko the Troll Berserker began the quest for the Orb.
     0 | D        | Reached XP level 1. HP: 22/22 MP: 0/0
     6 | D        | Reached skill level 3 in Maces & Flails
    13 | D        | Reached ** piety under Trog
    31 | D        | Reached skill level 4 in Maces & Flails
    37 | D        | Noticed a worker ant
    37 | D        | Noticed a gnoll shaman
    37 | D        | Noticed a quasit
    42 | D        | Reached XP level 2. HP: 29/29 MP: 1/1
    52 | D        | Reached *** piety under Trog
    52 | D        | Reached skill level 6 in Maces & Flails
    52 | D        | Reached XP level 3. HP: 36/36 MP: 2/2
    54 | D        | Reached skill level 7 in Maces & Flails
    54 | D        | Reached XP level 4. HP: 44/44 MP: 3/3
    72 | D        | Reached **** piety under Trog
    72 | D        | Reached skill level 8 in Maces & Flails
   112 | D        | Found a roughly hewn altar of Beogh.
   112 | D        | Found a snail-covered altar of Cheibriados.
   112 | D        | Found a shadowy altar of Dithmenos.
   112 | D        | Found a white marble altar of Elyvilon.
   112 | D        | Found a blossoming altar of Fedhas.
   112 | D        | Found an opulent altar of Gozag.
   113 | D        | Found a hazy altar of Hepliaklqana.
   114 | D        | Found a viscous altar of Jiyva.
   115 | D        | Found an ancient bone altar of Kikubaaqudgha.
   116 | D        | Found a corrupted altar of Lugonu.
   117 | D        | Found a burning altar of Makhleb.
   118 | D        | Found a sparkling altar of Nemelex Xobeh.
   119 | D        | Found an iron altar of Okawaru.
   120 | D        | Found a stormy altar of Qazlal.
   121 | D        | Found a sacrificial altar of Ru.
   122 | D        | Found a deep blue altar of Sif Muna.
   123 | D        | Found a bloodstained altar of Trog.
   124 | D        | Found a hide-covered altar of Uskayaw.
   125 | D        | Found a radiant altar of Vehumet.
   126 | D        | Found a shimmering altar of Xom.
   127 | D        | Found a basalt altar of Yredelemnul.
   128 | D        | Found a glowing silver altar of Zin.
   129 | D        | Found a glowing golden altar of the Shining One.
   154 | D        | Noticed a sky beast
   154 | D        | Noticed a water moccasin
   154 | D        | Noticed a bullfrog
   160 | D        | Killed a bullfrog
   160 | D        | Reached skill level 10 in Maces & Flails
   160 | D        | Reached XP level 5. HP: 50/50 MP: 4/4
   173 | D        | Killed a water moccasin
   173 | D        | Reached skill level 11 in Maces & Flails
   173 | D        | Reached XP level 6. HP: 33/59 MP: 5/5
   177 | D        | Killed a sky beast
   177 | D        | Reached skill level 12 in Maces & Flails
   279 | D        | Noticed a deep elf mage
   279 | D        | Noticed a yak
   287 | D        | Killed a yak
   287 | D        | Reached skill level 13 in Maces & Flails
   295 | D        | Reached XP level 7. HP: 66/66 MP: 6/6
   301 | D        | Killed a deep elf mage
   301 | D        | Reached ***** piety under Trog
   301 | D        | Received a gift from Trog
   301 | D        | Reached skill level 15 in Maces & Flails
   576 | D        | Noticed a komodo dragon
   580 | D        | Reached XP level 8. HP: 74/74 MP: 7/7
   586 | D        | Noticed a polar bear
   590 | D        | Killed a komodo dragon
   590 | D        | Reached skill level 16 in Maces & Flails
   604 | D        | Killed a polar bear
   604 | D        | Reached skill level 17 in Maces & Flails
   611 | D        | Received a gift from Trog
   647 | D        | Noticed a rime drake
   647 | D        | Noticed a komodo dragon
   649 | D        | Reached XP level 9. HP: 80/80 MP: 8/8
   650 | D        | Noticed a spiny frog
   659 | D        | Killed a komodo dragon
   663 | D        | Reached skill level 18 in Maces & Flails
   670 | D        | Killed a rime drake
   670 | D        | Reached skill level 5 in Fighting
   675 | D        | Killed a spiny frog
   675 | D        | Reached ****** piety under Trog
   682 | D        | Received a gift from Trog
   683 | D        | Got a faintly glowing giant club {god gift}
   706 | D        | Identified the +10 giant club of Brutal Revenge {elec, +Inv rPois Str-3 Int+4} (Trog gifted it to you in the Dungeon)
   713 | D        | Noticed an elephant
   713 | D        | Noticed an elephant
   713 | D        | Noticed a dire elephant
   713 | D        | Noticed an elephant
   713 | D        | Noticed a dire elephant
   713 | D        | Noticed an elephant
   714 | D        | Noticed a dire elephant
   722 | D        | Killed a dire elephant
   722 | D        | Reached XP level 10. HP: 58/100 MP: 9/9
   732 | D        | Killed a dire elephant
   732 | D        | Reached skill level 19 in Maces & Flails
   736 | D        | Killed an elephant
   739 | D        | Killed an elephant
   743 | D        | HP: 5/156 [dire elephant (11)]
   745 | D        | Demolished by a dire elephant

Skill      XL: |  1  2  3  4  5  6  7  8  9 10 |
---------------+-------------------------------+-----
Maces & Flails | 4 6 7 10 11 13 15 17 18 19 | 19.5
Fighting       | 6 7 |  7.7
Dodging        | |  2.4

Action                   |  1- 3 |  4- 6 |  7- 9 | 10-12 || total
-------------------------+-------+-------+-------+-------++-------
Melee: Mace              |    43 |    36 |       |       ||    79
       Dire flail        |       |     4 |    55 |       ||    59
       Giant club        |       |       |     2 |     7 ||     9
Invok: Berserk           |     1 |     1 |     3 |     1 ||     6
       Brothers in Arms  |       |     2 |     4 |     2 ||     8
  Use: Potion            |       |       |       |     1 ||     1
  Eat: Chunk             |       |     8 |    10 |       ||    18
Armor: Animal skin       |    18 |     7 |    11 |     1 ||    37
Dodge: Dodged            |    33 |    21 |    13 |     1 ||    68
